 Dungeon Crawl Stone Soup version 0.30-a0-881-g1ff12e1e11 (webtiles) character file.

Game seed: 539287249671046798

340 FexLirch the Chopper (level 6, -3/56 HPs)
             Began as a Naga Fighter on Mar 14, 2023.
             Slain by a gnoll
             ... wielding a +0 halberd
             ... led by a gnoll bouda
              (15 damage)
             ... on level 4 of the Dungeon.
             The game lasted 00:07:48 (2669 turns).

FexLirch the Chopper (Naga Fighter)                 Turns: 2669, Time: 00:07:48

Health: -3/56      AC:  5    Str: 18    XL:     6   Next: 56%
Magic:  6/6        EV:  5    Int: 11    God:
Gold:   93         SH:  0    Dex: 10    Spells: 3/5 levels left

rFire   . . .      SeeInvis +    a - +0 war axe
rCold   + . .      Faith    .    c - +0 buckler
rNeg    . . .      Spirit   .    l - +2 robe {rC+}
rPois   +          Reflect  .    (no helmet)
rElec   .          Rampage  .    (no cloak)
rCorr   .                        (no gloves)
Will    .....                    (no barding)
Stlth   +                        f - amulet of the acrobat
HPRegen 0.29/turn                (no ring)
MPRegen 0.10/turn                (no ring)

@: mighty, held, very slow
A: AC +2, large, see invisible, deformed body, poison resistance, slowness 2,
spit poison 1, naga tail 1
a: Spit Poison


You were on level 4 of the Dungeon.
You visited 1 branch of the dungeon, and saw 4 of its levels.

You collected 254 gold pieces.
You spent 161 gold pieces at shops.

Inventory:

Hand Weapons
 a - a +0 war axe (weapon)
 v - a +1 broad axe of distortion
Missiles
 n - 11 stones
Armour
 b - a +0 scale mail
 c - a +0 buckler (worn)
 l - a +2 robe of cold resistance (worn)
Magical Staves
 q - a staff of poison
Jewellery
 f - an amulet of the acrobat (around neck)
Scrolls
 e - a scroll of noise {unknown}
 i - a scroll of poison {unknown}
 j - 5 scrolls of teleportation {unknown}
 k - a scroll of magic mapping {unknown}
 m - a scroll of enchant weapon {unknown}
 o - a scroll of identify {unknown}
 p - a scroll of enchant armour {unknown}
 t - a scroll of blinking {unknown}
Potions
 d - a potion of might
 g - a potion of heal wounds {unknown}
 h - 2 potions of curing
 r - 2 potions of degeneration {unknown}
 s - a potion of resistance {unknown}
 u - a potion of flight {unknown}


   Skills:
 - Level 3.0 Fighting
 * Level 6.8 Axes
 - Level 2.4 Armour
 - Level 2.6 Shields


You had 3 spell levels left.
You knew the following spells:

 Your Spells              Type           Power      Damage    Failure   Level
a - Wereblood             Tmut           0%         N/A       54%         2

Your spell library contained the following spells:

 Spells                   Type           Power      Damage    Failure   Level
 Beastly Appendage        Tmut           0%         N/A       41%         1
 Kiss of Death            Conj/Necr      0%         2d5       41%         1
 Confusing Touch          Hex            0%         N/A       78%         3
 Spider Form              Tmut/Pois      0%         N/A       78%         3
 Dispel Undead            Necr           0%         3d6       99%         4


Dungeon Overview and Level Annotations

Branches:
Dungeon (4/15)
 Temple: D:4-7

Altars:
Gozag
Ru
Xom
Zin

Shops:
D:2 *:=(:


Innate Abilities, Weirdness & Mutations

Your serpentine skin is tough. (AC +2)
You have supernaturally acute eyesight. (SInv)
Armour fits poorly on your strangely shaped body.
Your system is resistant to poisons. (rPois)
You cover ground very slowly.
You can spit poison.
You have a snake-like lower body.


Message History

Aiming: Spit Poison (1% risk of failure)
Press: ? - help, Shift-Dir - straight line, f - gnoll, p - gnoll bouda
Aim: a gnoll, wielding a +0 heavy spear (covering ground quickly, 65% to hit)
The splash of poison hits the gnoll bouda.
The gnoll bouda is poisoned.
The gnoll bouda is heavily wounded.
The gnoll is no longer moving quickly.
The gnoll closely misses you.
The gnoll bouda barks out a call to the hunt!
The gnoll picks up the pace!
You block the gnoll's attack.
You barely miss the gnoll bouda.
The gnoll bouda is heavily wounded.
You barely miss the gnoll.
The gnoll hits you from afar with a +0 halberd!
The gnoll hits you from afar with a +0 heavy spear.
The gnoll hits you with a +0 flail. The gnoll closely misses you.
You barely miss the gnoll bouda.
The gnoll bouda is heavily wounded.
You barely miss the gnoll.
The gnoll is no longer moving quickly.
The gnoll bouda hits you with a +0 club.
The gnoll barely misses you.
The gnoll hits you from afar with a +0 heavy spear.
The gnoll hits you from afar with a +0 halberd.
The gnoll bouda calls upon its god to heal the gnoll.
The gnoll is healed somewhat.
You feel very mighty all of a sudden.
You have got your breath back.
The gnoll is no longer moving quickly.
The gnoll hits you with a +0 flail.
* * * LOW HITPOINT WARNING * * *
The gnoll throws a throwing net.
The throwing net hits you.
You become entangled in the net!
The gnoll hits you from afar with a +0 heavy spear.
* * * LOW HITPOINT WARNING * * *
The gnoll bouda hits you with a +0 club!
* * * LOW HITPOINT WARNING * * *
It was a potion of curing.
You feel better.
Your attacks no longer feel as feeble.
The gnoll barely misses you.
The gnoll hits you from afar with a +0 halberd!
You die...

#.###...#####.#
..###......##.## ####
..............# ###..#
..............####....#
#...#.........##......#
#
#.###.............###.##
#.# .. #...........###
#..# .... .
##.<....###.##
##.###).$.. #.....##
#g@# ##.........#
......# #g.###......?..#
#.... #.gg......##!..#
#### #.........# ..#
#######..## .. #### .


You could see a gnoll bouda (poisoned) and 3 gnolls.

Vanquished Creatures
  An ice beast (D:3)
  An orc wizard (D:4)
  Natasha (D:3)
  7 adders
  2 gnolls (D:4)
  2 worms
  A dart slug (D:2)
  3 orcs
  9 bats
  8 endoplasms
  3 giant cockroaches
  18 hobgoblins
  4 jackals (D:1)
  7 kobolds
  4 quokkas
  9 ball pythons
  5 frilled lizards
  15 goblins
  5 rats
105 creatures vanquished.

Notes
Turn   | Place    | Note
-------+----------+-------------------------------------------
     0 | D:1      | FexLirch the Naga Fighter began the quest for the Orb.
     0 | D:1      | Reached XP level 1. HP: 21/21 MP: 1/1
   105 | D:1      | Reached XP level 2. HP: 19/28 MP: 2/2
   160 | D:1      | Reached skill level 3 in Axes
   309 | D:1      | Reached XP level 3. HP: 29/34 MP: 3/3
   815 | D:2      | Found Kaipnah's Antique Weapon Emporium.
   885 | D:2      | Reached skill level 4 in Axes
   952 | D:2      | Reached XP level 4. HP: 39/42 MP: 4/4
   985 | D:2      | Found Ygoni's General Store.
  1155 | D:2      | Found Ukeopeits's Jewellery Boutique.
  1415 | D:2      | Found Nodugae's Book Boutique.
  1620 | D:2      | Found Geyciurre's Book Shoppe.
  1735 | D:3      | Reached skill level 5 in Axes
  1739 | D:3      | Found a shimmering altar of Xom.
  1740 | D:3      | Noticed an ice beast
  1757 | D:3      | Killed an ice beast
  1758 | D:3      | Reached XP level 5. HP: 27/49 MP: 5/5
  1852 | D:3      | Learned a level 2 spell: Wereblood
  1877 | D:3      | Reached skill level 6 in Axes
  1912 | D:3      | Reached XP level 6. HP: 46/56 MP: 6/6
  1913 | D:3      | Found a sacrificial altar of Ru.
  1914 | D:3      | Found a glowing silver altar of Zin.
  2034 | D:3      | Found an opulent altar of Gozag.
  2320 | D:3      | Noticed Natasha
  2326 | D:3      | Killed Natasha
  2446 | D:2      | Bought a runed broad axe for 161 gold pieces
  2669 | D:4      | Slain by a gnoll

Illustrated notes

Levels and vault maps discovered:
D:1:      amcnicky_arrival_feature_with_door, layout_basic
D:2:      cheibrodos_greedy_goblins, layout_basic, serial_shops, shop_statue,
          nicolae_shop_advertising_works [nicolae_subvault_shop_adworks],
          shop_fountains, shop, nicolae_square_shop
D:3:      layout_rooms, overflow_temple_1_default, mainiacjoe_overflow_alcove_2,
          nicolae_overflow_squiral, uniq_natasha
D:4:      layout_layer_cave, tso_metal_star

Skill      XL: |  1  2  3  4  5 |
---------------+----------------+-----
Axes           | 3 4 5 6 |  6.8
Fighting       | |  3.0
Armour         | |  2.4
Shields        | |  2.6

Action                     |  1- 3 |  4- 6 || total
---------------------------+-------+-------++-------
  Melee: War axe           |    93 |   153 ||   246
Ability: Spit Poison       |     3 |    11 ||    14
    Use: Potion            |       |     2 ||     2
   Stab: Sleeping          |     1 |     1 ||     2
         Distracted        |     1 |       ||     1
 Armour: Scale mail        |    28 |       ||    28
         Robe              |    15 |    50 ||    65
  Dodge: Dodged            |    51 |    99 ||   150
  Block: Buckler           |    20 |    32 ||    52

Table legend: (Time is in decaauts)
 A = Elapsed time spent in this place.
 B = Non-inter-level travel time spent in this place.
 C = Inter-level travel time spent in this place.
 D = Time resting spent in this place.
 E = Time spent auto-exploring this place.
 F = Levels seen in this place.
 G = Mean time per level.
                   A        B        C        D        E       F      G
               +--------+--------+--------+--------+--------+-----+--------+
         Total |   3423 |   3287 |    136 |      0 |   2479 |   4 |  855.8 |
       Dungeon |   3423 |   3287 |    136 |      0 |   2479 |   4 |  855.8 |
               +--------+--------+--------+--------+--------+-----+--------+

Top non-repeatable levels by time:
     D:2: 1289 daAuts
     D:1: 985 daAuts
     D:3: 906 daAuts
     D:4: 241 daAuts
